 Dungeon Crawl Stone Soup version 0.22-a0-803-gd6d8abeff0 (webtiles) character file.

351 Askman the Sneak (level 6, -13/56 HPs)
             Began as a Deep Dwarf Monk on July 22, 2018.
             Mangled by a worm (15 damage)
             ... on level 3 of the Dungeon.
             The game lasted 00:14:27 (1837 turns).

Askman the Sneak (Deep Dwarf Monk)                  Turns: 1837, Time: 00:14:27

Health: -13/56     AC:  3    Str: 15    XL:     6   Next: 34%
Magic:  5/5        EV: 14    Int: 10    God:
Gold:   141        SH:  0    Dex: 17    Spells: 5/5 levels left

rFire    . . .     SeeInvis .   a - +0 short sword
rCold    . . .     Gourm    .   (no shield)
rNeg     . . .     Faith    .   b - +0 robe
rPois    .         Spirit   .   (no helmet)
rElec    .         Reflect  .   (no cloak)
rCorr    .         Harm     .   (no gloves)
MR       .....                  p - +0 pair of boots
Stlth    +++.......             (no amulet)
HPRegen  0.00/turn              (no ring)
MPRegen  0.09/turn              (no ring)

@: non-regenerating, drained
A: damage resistance, heal wounds, sense surroundings 1, no regeneration
a: Heal Wounds


You were on level 3 of the Dungeon.
You were hungry.

You visited 1 branch of the dungeon, and saw 3 of its levels.

You collected 141 gold pieces.

Inventory:

Hand Weapons
 a - a +0 short sword (weapon)
Armour
 b - a +0 robe (worn)
 p - a +0 pair of boots (worn)
   (You found it on level 3 of the Dungeon)
Jewellery
 m - an uncursed amulet of magic regeneration {unknown}
   (You found it on level 3 of the Dungeon)
Wands
 d - a wand of iceblast (3)
   (You found it on level 3 of the Dungeon)
Scrolls
 f - 2 scrolls of fog {unknown}
 g - a scroll of magic mapping {unknown}
 i - 2 scrolls of remove curse {unknown}
 k - a scroll of amnesia {unknown}
 l - a scroll of teleportation {unknown}
 n - 5 scrolls of identify {unknown}
Potions
 c - a potion of flight {unknown}
 j - a potion of curing {unknown}
 o - a potion of heal wounds {unknown}
Comestibles
 e - 4 rations {!d}


   Skills:
 + Level 3.6(3.5) Fighting
 * Level 4.3 Short Blades
 + Level 4.3 Dodging
 * Level 5.5(5.4) Stealth


You had 5 spell levels left.
You didn't know any spells.
Your spell library was empty.

Dungeon Overview and Level Annotations

Branches:
Dungeon (3/15)

Altars:
Makhleb
Nemelex Xobeh
Trog
Xom


Innate Abilities, Weirdness & Mutations

You are resistant to damage.
You can heal yourself by infusing magical energy.
You passively map a small area around you.
You do not regenerate.


Message History

You closely miss the rat. The rat closely misses you.
You barely miss the rat. The rat barely misses you.
You closely miss the rat. The rat completely misses you.
The rat closely misses you.
You hit the rat.
You kill the rat!
The rat bites you.
You hit the rat. The rat closely misses you.
You are feeling hungry.
You hit the rat.
You kill the rat!
You barely miss the rat. The rat misses you.
You hit the rat but do no damage. The rat bites you.
The rat bites you but does no damage.
You hit the rat but do no damage. The rat closely misses you.
You hit the rat. The rat closely misses you.
You hit the rat.
You kill the rat!
Things that are here:
a rat corpse x3
A worm is nearby!
Things that are here:
a rat corpse x3
The worm barely misses you.
You hit the worm. The worm bites you!
You barely miss the worm. You hit the worm. The worm closely misses you.
You completely miss the worm.
The moth of wrath goads the worm on!
The worm goes berserk!
You hit the worm. The worm closely misses you.
You barely miss the worm. The worm closely misses you.
You hit the worm but do no damage. The worm bites you.
You hit the worm. You hit the worm. The worm bites you!
* * * LOW HITPOINT WARNING * * *
You hit the worm. The worm closely misses you.
You hit the worm but do no damage. The worm closely misses you.
You hit the worm. The worm completely misses you.
You hit the worm but do no damage. You hit the worm.
The worm barely misses you.
You barely miss the worm. The worm closely misses you.
You hit the worm. The worm bites you!
* * * LOW HITPOINT WARNING * * *
You barely miss the worm. The worm bites you!
* * * LOW HITPOINT WARNING * * *
You hit the worm but do no damage. You hit the worm. The worm bites you!
* * * LOW HITPOINT WARNING * * *
You barely miss the worm. The worm bites you!
You die...

..............#######..##........
.............###....###..........
#...........##.......##...###....
#..........##.........#...######.
#..........##....#....##.........
.....#+##..#))..###...###........
...........#)._.#y#...†..........
...........#)..w###...##.........
...........##...@#....##)....##.#
#...#####..##.........#..........
.... , #...##.......##'#..#.....
... ,++....###....##..#........
... #.....###########........ ..,
#...............#........ ..,
#.............#.#........ ,
#.....#.......#.#..####.. ,
#.....#.......#.#..######


You could see a moth of wrath and a worm (berserk).

Vanquished Creatures
  Sigmund (D:3)
  Terence (D:3)
  3 gnolls (D:3)
  8 adders
  3 worms
  A dart slug (D:1)
  2 leopard geckos
  A ball python (D:1)
  4 giant cockroaches
  5 goblins
  4 hobgoblins
  4 jackals (D:1)
  5 bats
  8 frilled lizards
  7 kobolds
  16 rats
73 creatures vanquished.

Notes
Turn   | Place    | Note
-------+----------+-------------------------------------------
     0 | D:1      | Askman the Deep Dwarf Monk began the quest for the Orb.
     0 | D:1      | Reached XP level 1. HP: 20/20 MP: 1/1
    82 | D:1      | Reached XP level 2. HP: 24/27 MP: 2/2
   179 | D:1      | Reached skill level 3 in Stealth
   499 | D:2      | Reached XP level 3. HP: 18/33 MP: 3/3
   761 | D:2      | Reached XP level 4. HP: 38/42 MP: 4/4
   918 | D:2      | Reached skill level 4 in Stealth
   941 | D:2      | Found a shimmering altar of Xom.
  1124 | D:3      | Found a sparkling altar of Nemelex Xobeh.
  1129 | D:3      | Noticed Terence
  1162 | D:3      | Killed Terence
  1182 | D:3      | Reached XP level 5. HP: 28/49 MP: 5/5
  1211 | D:3      | Found a burning altar of Makhleb.
  1242 | D:3      | HP: 1/49 [gnoll/whip (5)]
  1648 | D:3      | Noticed a moth of wrath
  1649 | D:3      | Noticed Sigmund
  1675 | D:3      | Killed Sigmund
  1675 | D:3      | Reached skill level 5 in Stealth
  1675 | D:3      | Reached XP level 6. HP: 18/56 MP: 6/6
  1781 | D:3      | Found a bloodstained altar of Trog.
  1836 | D:3      | HP: 2/56 [worm (8)]
  1837 | D:3      | Mangled by a worm

Vault maps used:
D:1:      minmay_arrival_three_doors
D:2:      nicolae_overflow_crystal_walls, moated_statue, minivault_11
D:3:      bloody_makhleb, lemuel_doored_altar, tgw_trog, uniq_sigmund,
          uniq_grinder, uniq_terence

Skill      XL: |  1  2  3  4  5 |
---------------+----------------+-----
Short Blades   | 3 4 |  4.3
Stealth        | 3 4 5 |  5.5
Fighting       | 3 |  3.6
Dodging        | 4 |  4.3

Action                   |  1- 3 |  4- 6 || total
-------------------------+-------+-------++-------
Melee: Short sword       |   148 |   218 ||   366
 Abil: Heal Wounds       |     1 |     7 ||     8
 Stab: Sleeping          |     6 |     3 ||     9
  Eat: Chunk             |       |     3 ||     3
Armor: Robe              |    20 |    14 ||    34
Dodge: Dodged            |   106 |   131 ||   237

Table legend:
 A = Spawn XP
 B = Non-spawn XP
 C = Spawn XP percentage of total XP
 D = Spawn monster count
 E = Non-spawn monster count
 F = Spawn count percentage of total count
 G = Total turns spent on level
                    A         B        C        D         E        F      G
               +---------+---------+-------+---------+---------+-------+---------
         Total |       0 |     502 |   0.0 |       0 |      73 |   0.0 |  1837
               +---------+---------+-------+---------+---------+-------+---------
           D:1 |       0 |      40 |   0.0 |       0 |      24 |   0.0 |   495
           D:2 |       0 |     108 |   0.0 |       0 |      29 |   0.0 |   629
           D:3 |       0 |     354 |   0.0 |       0 |      20 |   0.0 |   713
               +---------+---------+-------+---------+---------+-------+---------
